 Dungeon Crawl Stone Soup version 0.21.1-1-g345015fe64 (webtiles) character file.

23 Ivernyr the Charmwright (level 2, 0/22 HPs)
             Began as a Demonspawn Skald on May 1, 2018.
             Slain by a worm (8 damage)
             ... on level 2 of the Dungeon.
             The game lasted 00:01:55 (781 turns).

Ivernyr the Charmwright (Demonspawn Skald)           Turns: 781, Time: 00:01:56

Health: 0/22       AC:  3    Str: 11    XL:     2   Next: 75%
Magic:  5/5        EV: 11    Int: 14    God:
Gold:   21         SH:  0    Dex: 12    Spells: 0/5 levels left

rFire    . . .     SeeInvis .   a - +0 falchion
rCold    . . .     Gourm    .   (no shield)
rNeg     . . .     Faith    .   b - +0 leather armour
rPois    .         Spirit   .   (helmet restricted)
rElec    .         Reflect  .   (no cloak)
rCorr    .         Harm     .   (no gloves)
MR       .....                  (no boots)
Stlth    +.........             (no amulet)
HPRegen  0.07/turn              (no ring)
MPRegen  0.09/turn              (no ring)

@: drained
A: antennae 1
a: no special abilities


You were on level 2 of the Dungeon.
You were not hungry.

You visited 1 branch of the dungeon, and saw 2 of its levels.

You collected 21 gold pieces.

Inventory:

Hand Weapons
 a - a +0 falchion (weapon)
Armour
 b - a +0 leather armour (worn)
Scrolls
 e - 3 scrolls of random uselessness {unknown}
 f - a scroll of identify {unknown}
 g - a scroll of enchant armour {unknown}
 i - a scroll of teleportation {unknown}
 l - a scroll of remove curse {unknown}
Potions
 h - a potion of curing {unknown}
 j - a potion of degeneration {unknown}
 k - a potion of brilliance {unknown}
Books
 c - a book of Battle

   Spells                             Type                      Level
   a - Infusion                       Charms                       1
   b - Shroud of Golubria             Charms/Translocation         2
   c - Song of Slaying                Charms                       2
   d - Spectral Weapon                Hexes/Charms                 3
   e - Regeneration                   Charms/Necromancy            3
Comestibles
 d - 2 rations
 m - 2 chunks of flesh


   Skills:
 + Level 2.3(1.5) Fighting
 + Level 2.1(1.4) Long Blades
 * Level 1.7(1.0) Armour
 - Level 1.7(1.0) Dodging
 - Level 2.0(1.3) Spellcasting
 + Level 2.9(2.2) Charms


You couldn't memorise any spells.
You knew the following spells:

 Your Spells              Type           Power        Failure   Level  Hunger
a - Shroud of Golubria    Chrm/Tloc      #.........   32%         2    ###....
b - Song of Slaying       Chrm           #.......     21%         2    ###....
c - Infusion              Chrm           #...         14%         1    ##.....


Dungeon Overview and Level Annotations

Branches:
Dungeon (2/15)

Altars:


Innate Abilities, Weirdness & Mutations

You have a pair of small antennae on your head.


Message History

The giant cockroach barely misses you.
There is a stone staircase leading up here.
You see here a giant cockroach corpse.
You hit the giant cockroach but do no damage.
The giant cockroach bites you but does no damage.
You hit the giant cockroach.
The giant cockroach is severely wounded.
The giant cockroach barely misses you.
You riposte.
You closely miss the giant cockroach.
The giant cockroach is severely wounded.
The worm bites you. The giant cockroach closely misses you.
You barely miss the giant cockroach.
The giant cockroach is severely wounded.
The giant cockroach barely misses you. The worm bites you!
You hit the giant cockroach.
You kill the giant cockroach!
The worm bites you.
You see here a giant cockroach corpse.
The worm bites you!
You die...

.........##
.........#
#........#
#..>.....#
###.......#
#.........#
#...=...#
#..$†...#
#..w@...#
#########


You could see a worm.

Vanquished Creatures
  A leopard gecko (D:1)
  4 giant cockroaches
  3 goblins (D:1)
  A hobgoblin (D:1)
  6 kobolds (D:1)
  4 bats (D:1)
  A rat (D:1)
20 creatures vanquished.

Notes
Turn   | Place    | Note
-------+----------+-------------------------------------------
     0 | D:1      | Ivernyr the Demonspawn Skald began the quest for the Orb.
     0 | D:1      | Reached XP level 1. HP: 16/16 MP: 3/3
     9 | D:1      | Reached skill level 1 in Armour
   177 | D:1      | Gained mutation: You have a pair of small antennae on your head. [demonic ancestry]
   177 | D:1      | Reached XP level 2. HP: 20/22 MP: 5/5
   576 | D:1      | Learned a level 2 spell: Song of Slaying
   579 | D:1      | Learned a level 2 spell: Shroud of Golubria
   781 | D:2      | Slain by a worm

Skill      XL: |  1  2 |
---------------+-------+-----
Armour         | 1 |  1.7
Long Blades    | 2 |  2.1
Fighting       | |  2.3
Dodging        | |  1.7
Spellcasting   | |  2.0
Charms         | |  2.9

Action                   || total
-------------------------++-------
Melee: Falchion          ||    58
Armor: Leather armour    ||    37
Dodge: Dodged            ||    62
       Rpst.: Falchion   ||    18
